 Dungeon Crawl Stone Soup version 0.22-a0-348-gd16d1391c7 (webtiles) character file.

16438 Kriby the Grappler (level 12, 0/120 HPs)
             Began as a Troll Monk on Apr 10, 2018.
             Slain by a cyan ugly thing (7 damage)
             ... on level 13 of the Dungeon.
             The game lasted 00:12:39 (10582 turns).

Kriby the Grappler (Troll Monk)                    Turns: 10582, Time: 00:12:39

Health: 0/120      AC:  6    Str: 26    XL:     12   Next: 10%
Magic:  11/11      EV: 13    Int:  6    God:
Gold:   524        SH:  0    Dex: 12    Spells: 11/11 levels left

rFire    . . .     SeeInvis +     - Unarmed
rCold    . . .     Gourm    +   (no shield)
rNeg     . . .     Faith    .   a - +1 robe
rPois    .         Spirit   .   (helmet restricted)
rElec    .         Reflect  .   (no cloak)
rCorr    .         Harm     .   (gloves unavailable)
MR       .....                  (boots unavailable)
Stlth    +.........             F - amulet of magic regeneration
HPRegen  0.70/turn              w - ring of see invisible
MPRegen  0.37/turn              (no ring)

@: drained
A: large, unfitting armour, claws 3, fast metabolism 3, gourmand, regeneration
1, shaggy fur 1, tough skin 2
a: no special abilities


You were on level 13 of the Dungeon.
You were completely stuffed.

You visited 2 branches of the dungeon, and saw 13 of its levels.
You also visited: Sewer.

You collected 624 gold pieces.
You spent 100 gold pieces at shops.

Inventory:

Missiles
 f - 11 javelins (quivered)
 C - 5 large rocks
Armour
 a - a +1 robe (worn)
 x - a +0 shield
Jewellery
 w - a ring of see invisible (left claw)
 F - an amulet of magic regeneration (around neck)
 H - the ring of the Duke {Ice Str+7}
   (You bought it in a shop on level 11 of the Dungeon)

   [ring of ice]

   It enhances your ice magic.
   It affects your strength (+7).
   It makes you vulnerable to fire.
   It protects you from cold.
 J - a cursed amulet of inaccuracy {unknown}
Wands
 p - a wand of paralysis (8)
 t - a wand of random effects (25)
 A - a wand of flame (23)
 D - a wand of iceblast (3)
 E - a wand of disintegration (9)
 I - a wand of enslavement (16)
 K - a wand of clouds (6)
Scrolls
 c - a scroll of enchant weapon
 e - a scroll of amnesia
 g - 3 scrolls of fear
 h - 2 scrolls of enchant armour
 i - a scroll of noise {unknown}
 j - 10 scrolls of teleportation
 l - a scroll of random uselessness {unknown}
 m - 3 scrolls of identify
 s - 4 scrolls of magic mapping {unknown}
 y - 2 scrolls of vulnerability {unknown}
 z - 3 scrolls of remove curse {unknown}
Potions
 d - 6 potions of curing
 k - a potion of invisibility {unknown}
 n - 3 potions of resistance
 o - 2 potions of ambrosia
 r - a potion of magic
 u - 4 potions of flight
 v - 4 potions of brilliance
 B - a potion of cancellation {unknown}
 G - a potion of haste
 L - 3 potions of lignification
Comestibles
 b - 28 rations


   Skills:
 + Level 8.2(8.0) Fighting
 + Level 8.2(7.9) Dodging
 - Level 1.0(0.8) Stealth
 + Level 6.5(6.2) Shields
 * Level 13.0(12.7) Unarmed Combat


You had 11 spell levels left.
You didn't know any spells.

Dungeon Overview and Level Annotations

Branches:
Dungeon (11/15)            Temple (1/1) D:6            Lair (0/6) D:11
    Orc (0/2) D:10

Altars:
Ashenzari
Cheibriados
Dithmenos
Elyvilon
Fedhas
Gozag
Hepliaklqana
Kikubaaqudgha
Makhleb
Nemelex Xobeh
Okawaru
Qazlal
Ru
Sif Muna
Trog
Uskayaw
Vehumet
Wu Jian
Xom
Yredelemnul
Zin
The Shining One

Shops:
D:11 *


Innate Abilities, Weirdness & Mutations

You are too large for most types of armour.
You have claws for hands.
Your metabolism is lightning-fast.
You like to eat raw meat.
Your natural rate of healing is unusually fast.
You are covered in fur. (AC +1)
You have very tough skin. (AC +2)


Message History

You barely miss the cyan ugly thing.
The cyan ugly thing is heavily wounded.
The cyan ugly thing stings you. The cyan ugly thing shocks you!
* * * LOW HITPOINT WARNING * * *
You barely miss the cyan ugly thing.
The cyan ugly thing is heavily wounded.
The cyan ugly thing stings you.
* * * LOW HITPOINT WARNING * * *
The cyan ugly thing shocks you!
* * * LOW HITPOINT WARNING * * *
You feel much better. The cyan ugly thing stings you.
* * * LOW HITPOINT WARNING * * *
The cyan ugly thing shocks you!
* * * LOW HITPOINT WARNING * * *
The wight hits you from afar with a halberd.
* * * LOW HITPOINT WARNING * * *
As you read the scroll of summoning, it crumbles to dust.
Wisps of shadow whirl around you... The wight barely misses you.
The cyan ugly thing stings you!
You die...

#.# #..)######
#.###..(.....## ...
#.#............ # ...
#.#.#........## . #.#
#.#............
#.####.####.#..)..##########
#.#........yz......)........
z
...##.####u#..########.####
#.####.##.####@#..# .#
.......).รท.)T..#..# .#
.......)...#####..# .#
......>............ ..
.................... ..
......#####.######## ##
#..... ... #.### .### # ..


You could see a cyan ugly thing, a wight, a friendly troll and a friendly
hornet.

Vanquished Creatures
  The ghost of loom the Fighter, a journeyman DrFE of Vehumet (D:11)
  2 centaur warriors (D:13)
  3 two-headed ogres
  A deep elf mage (D:13)
  2 ugly things (D:11)
  A cyclops (D:7)
  4 gargoyles (D:7)
  A kobold demonologist (D:13)
  3 trolls
  The ghost of dcsswall the Chiller, an amateur BaIE of Cheibriados (D:4)
  A hippogriff (D:13)
  A wyvern (D:13)
  11 yaks
  A human (D:7)
  3 hogs (D:7)
  2 hungry ghosts
  The ghost of runewalsh the Magician, an amateur OpWz of Vehumet (D:3)
  2 sky beasts
  5 ice beasts
  2 orc warriors
  4 ogres
  4 centaurs
  A bullfrog (D:13)
  A gnoll sergeant (D:5)
  A water moccasin skeleton (D:9)
  3 scorpions
  6 killer bees
  13 wights
  6 crimson imps
  4 centaur zombies
  2 bullfrog zombies
  2 orc priests
  A hound (D:4)
  2 jellies
  2 bullfrog skeletons
  4 centaur skeletons
  9 orc wizards
  Natasha (thrice) (D:4)
  4 iguanas
  11 worker ants
  A hound zombie (D:9)
  2 hound skeletons
  5 gnolls (D:5)
  21 adders
  7 river rats
  2 shadow imps
  An ooze (D:5)
  An adder zombie (D:9)
  2 worms
  5 dart slugs
  2 leopard geckos
  19 orcs
  8 bats
  14 giant cockroaches
  14 goblins
  6 hobgoblins
  2 jackals (D:5)
  3 quokkas
  6 ball pythons
  8 frilled lizards
  A jackal zombie (D:8)
  8 kobolds
  20 rats
289 creatures vanquished.

Notes
Turn   | Place    | Note
-------+----------+-------------------------------------------
     0 | D:1      | Kriby the Troll Monk began the quest for the Orb.
     0 | D:1      | Reached XP level 1. HP: 22/22 MP: 0/0
    70 | D:1      | Reached XP level 2. HP: 29/29 MP: 1/1
   546 | D:1      | Reached XP level 3. HP: 34/36 MP: 2/2
   788 | D:2      | Found a white marble altar of Elyvilon.
   903 | D:2      | Found a stormy altar of Qazlal.
  1126 | D:2      | Found a glowing silver altar of Zin.
  1128 | D:2      | Found a deep blue altar of Sif Muna.
  1180 | D:2      | Found a shimmering altar of Xom.
  1553 | D:3      | Reached skill level 4 in Unarmed Combat
  1556 | D:3      | Reached XP level 4. HP: 43/44 MP: 3/3
  1880 | D:3      | Noticed runewalsh's ghost (amateur OpWz)
  1892 | D:3      | Killed runewalsh's ghost
  1892 | D:3      | Reached XP level 5. HP: 53/53 MP: 4/4
  1987 | D:3      | Found a glowing drain.
  2004 | D:3      | Reached skill level 5 in Unarmed Combat
  2022 | Sewer    | Entered a sewer
  2081 | Sewer    | Reached XP level 6. HP: 47/61 MP: 5/5
  3028 | D:4      | Reached skill level 6 in Unarmed Combat
  3031 | D:4      | Reached XP level 7. HP: 47/68 MP: 6/6
  3139 | D:4      | Found a snail-covered altar of Cheibriados.
  3193 | D:4      | Noticed dcsswall's ghost (amateur BaIE)
  3204 | D:4      | Killed dcsswall's ghost
  3483 | D:4      | Noticed Natasha
  3490 | D:4      | Killed Natasha
  3578 | D:4      | Noticed Natasha
  3589 | D:4      | Killed Natasha
  3589 | D:4      | Reached skill level 7 in Unarmed Combat
  3629 | D:4      | Noticed Natasha
  3632 | D:4      | Killed Natasha
  3738 | D:5      | Entered Level 5 of the Dungeon
  3774 | D:5      | Reached XP level 8. HP: 60/79 MP: 7/7
  4239 | D:5      | Reached skill level 1 in Shields
  4357 | D:5      | Found a blossoming altar of Fedhas.
  4360 | D:5      | Found a basalt altar of Yredelemnul.
  4467 | D:5      | Reached skill level 5 in Dodging
  4715 | D:5      | Reached skill level 5 in Fighting
  4715 | D:5      | Reached skill level 8 in Unarmed Combat
  4720 | D:5      | Found a hazy altar of Hepliaklqana.
  5061 | D:6      | Found a staircase to the Ecumenical Temple.
  5095 | Temple   | Entered the Ecumenical Temple
  5557 | D:6      | Reached XP level 9. HP: 82/88 MP: 8/8
  6159 | D:7      | Reached skill level 9 in Unarmed Combat
  6286 | D:7      | Noticed a cyclops
  6296 | D:7      | Killed a cyclops
  6355 | D:7      | Found a shadowy altar of Dithmenos.
  6355 | D:7      | Found an opulent altar of Gozag.
  6527 | D:7      | Found a sparkling altar of Nemelex Xobeh.
  6730 | D:7      | Noticed a gargoyle
  6738 | D:7      | Killed a gargoyle
  6738 | D:7      | Reached skill level 10 in Unarmed Combat
  6832 | D:7      | Noticed a gargoyle
  6838 | D:7      | Killed a gargoyle
  6838 | D:7      | Reached XP level 10. HP: 68/98 MP: 9/9
  6888 | D:7      | Noticed a gargoyle
  6897 | D:7      | Killed a gargoyle
  6955 | D:7      | Noticed a gargoyle
  6963 | D:7      | Killed a gargoyle
  7098 | D:7      | Found a sacrificial altar of Ru.
  7303 | D:8      | Noticed a two-headed ogre
  7311 | D:8      | Killed a two-headed ogre
  7420 | D:8      | You fall through a shaft for 3 floors!
  7437 | D:11     | Noticed a red ugly thing
  7443 | D:11     | Killed a red ugly thing
  7520 | D:11     | Found Enifagh's Assorted Antiques.
  7539 | D:11     | Reached skill level 11 in Unarmed Combat
  7571 | D:11     | Bought a vibrating platinum ring for 100 gold pieces
  7571 | D:11     | Identified the ring of the Duke {Ice Str+7} (You bought it in a shop on level 11 of the Dungeon)
  7607 | D:11     | Noticed a purple ugly thing
  7614 | D:11     | Noticed loom's ghost (journeyman DrFE)
  7618 | D:11     | Killed a purple ugly thing
  7629 | D:11     | Killed loom's ghost
  7629 | D:11     | Reached skill level 5 in Shields
  7759 | D:11     | Found a staircase to the Lair.
  7773 | D:11     | Reached XP level 11. HP: 92/109 MP: 10/10
  7907 | D:10     | Entered Level 10 of the Dungeon
  7908 | D:10     | Found a staircase to the Orcish Mines.
  8184 | D:9      | Noticed a two-headed ogre
  8189 | D:9      | Killed a two-headed ogre
  8363 | D:9      | Noticed a two-headed ogre
  8379 | D:9      | Killed a two-headed ogre
  8379 | D:9      | Reached skill level 12 in Unarmed Combat
  8383 | D:9      | HP: 1/109 [orc warrior/scimitar (18)]
 10255 | D:10     | You fall through a shaft for 3 floors!
 10255 | D:13     | Noticed a centaur warrior
 10261 | D:13     | Killed a centaur warrior
 10271 | D:13     | Noticed a centaur warrior
 10278 | D:13     | Killed a centaur warrior
 10487 | D:13     | Reached XP level 12. HP: 107/119 MP: 11/11
 10551 | D:13     | Reached skill level 13 in Unarmed Combat
 10581 | D:13     | HP: 6/120 [wight/halberd (4)]
 10582 | D:13     | Slain by a cyan ugly thing

Vault maps used:
D:1:      roderic_crossed_star, hangedman_abyss_or_decor_stabs
D:2:      elyvilon_altar_5, grunt_temple_overflow_open, st_stairs_3
D:3:      portal_sewer_entry_b, first_ration
D:4:      kennysheep_six_static_rooms, kennysheep_slug_shrine, uniq_natasha
D:5:      marbit_many_paths, gammafunk_temple_overflow_pools, patterned_corridor
D:6:      temple_green
D:7:      cheibrodos_statue_roulette, nicolae_ru_the_path_less_chosen,
          nemelex_xobeh_ov_fountains_minmay, amethyst_overflow_temple_binary,
          grunt_livestock
D:10:     orc_0_dummy, serial_column_ruins, column_ruins_hut_ruined,
          column_ruins_hut_pillars, column_ruins_open_large,
          column_ruins_open_tiny, column_ruins_corridor_straight,
          column_ruins_columns_straight
D:11:     lair_entry_dummy, serial_shops, shop_coins, chequers_big_river
D:13:     serial_shops, shop_fountains
Temple:   compressed_dpeg_triangle_lava_temple
Sewer:    sewer_co_cracked_pipes

Skill      XL: |  1  2  3  4  5  6  7  8  9 10 11 12 |
---------------+-------------------------------------+-----
Unarmed Combat | 4 5 6 7 8 10 11 12 13 | 13.0
Fighting       | 3 4 5 6 7 8 |  8.2
Dodging        | 3 4 5 6 7 8 |  8.2
Shields        | 2 3 5 6 |  6.5
Stealth        | |  1.0

Action                   |  1- 3 |  4- 6 |  7- 9 | 10-12 || total
-------------------------+-------+-------+-------+-------++-------
Melee: Unarmed           |    94 |   150 |   292 |   344 ||   880
       Punch             |     2 |     6 |    14 |    26 ||    48
Evoke: Wand              |       |       |     1 |    16 ||    17
  Use: Potion            |       |     1 |     6 |     5 ||    12
       Scroll            |       |       |    10 |     4 ||    14
 Stab: Sleeping          |     1 |     6 |     4 |     3 ||    14
       Distracted        |     1 |       |       |     1 ||     2
  Eat: Chunk             |    18 |    16 |    40 |    36 ||   110
       Ration            |       |       |       |     1 ||     1
Armor: Robe              |    25 |    53 |    56 |    45 ||   179
       Skin              |       |     8 |    24 |       ||    32
Dodge: Dodged            |    48 |    95 |   141 |   158 ||   442

Table legend:
 A = Spawn XP
 B = Non-spawn XP
 C = Spawn XP percentage of total XP
 D = Spawn monster count
 E = Non-spawn monster count
 F = Spawn count percentage of total count
 G = Total turns spent on level
                    A         B        C        D         E        F      G
               +---------+---------+-------+---------+---------+-------+---------
         Total |       0 |   23483 |   0.0 |       0 |     289 |   0.0 | 10582
               +---------+---------+-------+---------+---------+-------+---------
           D:1 |       0 |      42 |   0.0 |       0 |      25 |   0.0 |   682
           D:2 |       0 |      47 |   0.0 |       0 |      19 |   0.0 |   857
           D:3 |       0 |     325 |   0.0 |       0 |      31 |   0.0 |   892
           D:4 |       0 |     805 |   0.0 |       0 |      27 |   0.0 |   913
           D:5 |       0 |    1050 |   0.0 |       0 |      31 |   0.0 |  1231
           D:6 |       0 |     701 |   0.0 |       0 |      19 |   0.0 |   818
           D:7 |       0 |    3612 |   0.0 |       0 |      20 |   0.0 |  1333
           D:8 |       0 |    1182 |   0.0 |       0 |       7 |   0.0 |   824
           D:9 |       0 |    3907 |   0.0 |       0 |      28 |   0.0 |   976
          D:10 |       0 |    2227 |   0.0 |       0 |      17 |   0.0 |   665
          D:11 |       0 |    3809 |   0.0 |       0 |      18 |   0.0 |   487
          D:13 |       0 |    5638 |   0.0 |       0 |      21 |   0.0 |   327
         Sewer |       0 |     138 |   0.0 |       0 |      26 |   0.0 |   394
               +---------+---------+-------+---------+---------+-------+---------
